 Dungeon Crawl Stone Soup version 0.29.0-11-gd7f09526c8 (webtiles) character file.

Game seed: 18051061725111038602

2161 tilp the Basher (level 9, -2/66 HPs)
             Began as a Demonspawn Gladiator on Sept 4, 2022.
             Was a Follower of Ru.
             Slain by an orc warrior
             ... wielding a +0 halberd
              (16 damage)
             ... on level 7 of the Dungeon.
             The game lasted 00:09:20 (8753 turns).

tilp the Basher (Demonspawn Gladiator)              Turns: 8753, Time: 00:09:21

Health: -2/66      AC: 11    Str: 24    XL:     9   Next: 10%
Magic:  9/9        EV: 10    Int: 10    God:    Ru [*.....]
Gold:   520        SH:  0    Dex: 15    Spells: 8/8 levels left

rFire   . . .      SeeInvis .   a - +3 flail
rCold   . . .      Faith    +   (no shield)
rNeg    . . .      Spirit   .   i - +0 chain mail
rPois   +          Reflect  .   c - +0 helmet
rElec   .          Harm     .   (cloak unavailable)
rCorr   .          Rampage  .   k - +1 pair of gloves
Will    .....                   (no boots)
Stlth   ..........              B - amulet of faith
HPRegen 0.21/turn               A - ring of poison resistance
MPRegen 0.22/turn               y - +6 ring of strength

@: no status effects
A: spiny 1, magic regeneration, no fire magic, no necromancy magic, no
transmutations magic, sturdy frame 1, weakness stinger 3
a: Renounce Religion


You were on level 7 of the Dungeon.
You worshipped Ru.
Ru was aware of your devotion.
You visited 1 branch of the dungeon, and saw 7 of its levels.

You collected 520 gold pieces.

Inventory:

Hand Weapons
 a - a +3 flail (weapon)
 b - a +1 flail
Missiles
 d - 3 throwing nets
 e - a javelin
 l - 4 poisoned darts (quivered)
 p - 2 atropa-tipped darts
 t - 3 boomerangs
 v - 4 datura-tipped darts
Armour
 c - a +0 helmet (worn)
 i - a +0 chain mail (worn)
 k - a +1 pair of gloves (worn)
 r - a scarf of harm
 z - a +0 scale mail
Jewellery
 f - a ring of wizardry
 g - a ring of flight
 y - a +6 ring of strength (right hand)
 A - a ring of poison resistance (left hand)
 B - an amulet of faith (around neck)
Wands
 s - a wand of roots (11)
Scrolls
 h - a scroll of amnesia
 n - a scroll of teleportation
 w - 4 scrolls of vulnerability
 x - a scroll of identify
 D - a scroll of enchant weapon
Potions
 j - 4 potions of attraction
 m - 7 potions of curing
 o - 2 potions of haste
 q - 2 potions of might
 u - a potion of cancellation
 C - a potion of lignification
 E - a potion of heal wounds {unknown}
 F - a potion of mutation {unknown}


   Skills:
 + Level 4.3 Fighting
 * Level 8.3 Maces & Flails
 + Level 4.3 Throwing
 + Level 4.3 Dodging
 - Level 4.0 Stealth
 + Level 1.6 Evocations


You had 8 spell levels left.
You didn't know any spells.
Your spell library contained the following spells:

 Spells                   Type           Power      Damage    Failure   Level
 Summon Guardian Golem    Hex/Summ       0%         N/A       99%         3
 Freezing Cloud           Conj/Ice/Air   0%         6-21      100%        5
 Orb of Destruction       Conj           0%         9d5       100%        7
 Spellforged Servitor     Conj/Summ      0%         N/A       100%        7
 Polar Vortex             Ice            0%         N/A       100%        9
 Simulacrum               Ice/Necr       Unusable   N/A       N/A         6

Dungeon Overview and Level Annotations

Branches:
Dungeon (7/15)             Temple (0/1) D:5

Altars:
Ashenzari
Hepliaklqana
Ru
Trog
Wu Jian
Yredelemnul

Annotations:
D:3 Ijyb
D:6 2 runed translucent doors, EtherCrawl's ghost, novice FoAK


Innate Abilities, Weirdness & Mutations

You are partially covered in sharp spines.
You regenerate magic rapidly.
You cannot study or cast Fire magic.
You cannot study or cast Necromancy magic.
You cannot study or cast Transmutations magic.
Your movements are slightly less encumbered by armour. (ER -2)
You have a sharp stinger which inflicts weakening toxins.


Message History

No target in view!
No target in view!
Items here: )) [ ††.
Found a chain mail.
You see here a +0 chain mail.
Found an escape hatch in the floor.
There is an escape hatch in the floor here.
An orc warrior comes into view.
It is wielding a +0 halberd and quivering silver boomerangs.
An orc warrior is nearby!
You throw a poisoned dart.
The poisoned dart barely misses the orc warrior.
The orc warrior shouts!
You throw a poisoned dart. The poisoned dart hits the orc warrior!
The orc warrior is poisoned.
You throw a poisoned dart.
The poisoned dart completely misses the orc warrior.
The orc warrior hits you with a +0 halberd!
You hit the orc warrior but do no damage.
The orc warrior is lightly wounded.
The orc warrior hits you with a +0 halberd!
You hit the orc warrior.
The orc warrior is moderately wounded.
The orc warrior closely misses you.
You hit the orc warrior.
You tail-slap the orc warrior, but do no damage.
The orc warrior is heavily wounded.
The orc warrior hits you with a +0 halberd!
You closely miss the orc warrior.
You tail-slap the orc warrior, but do no damage.
The orc warrior is heavily wounded.
The orc warrior is struck by your spines.
The orc warrior hits you with a +0 halberd.
You closely miss the orc warrior.
The orc warrior is heavily wounded.
The orc warrior hits you with a +0 halberd!!
* * * LOW HITPOINT WARNING * * *
You closely miss the orc warrior.
The orc warrior is heavily wounded.
The orc warrior hits you with a +0 halberd!
You die...

#.#######.###### ###.###
#.# #.# #.÷.'.# #.# #(#
###.### #.# ##.########
#.'.'.# #.# #..(.......
###.### #.# #.(########
###'#
#.######........####8#.#
#........o..........#..#
#########@#####.###...##
#.# #.# ##### #.# #.#
#.# #.# #.. #.##########
##. #........... .#
############ .# .#


You could see an orc warrior (poisoned).

Vanquished Creatures
  A sky beast (D:6)
  2 ice beasts
  A black bear (D:6)
  An ogre (D:4)
  A phantom (D:6)
  2 necrophages (D:7)
  3 scorpions
  A water moccasin zombie (D:7)
  7 wights (D:7)
  3 hounds
  A jelly (D:6)
  A gnoll bouda (D:5)
  4 orc priests
  A human zombie (D:7)
  Natasha (thrice) (D:4)
  7 orc wizards
  2 iguanas
  2 killer bee zombies (D:7)
  2 mummies (D:7)
  2 howler monkey zombies (D:7)
  5 adders
  5 gnolls
  2 white imps
  2 ufetubi (D:5)
  3 worms
  4 dart slugs
  24 orcs
  2 ball pythons
  11 bats
  5 endoplasms
  2 giant cockroaches
  6 hobgoblins
  6 jackals
  7 kobolds
  6 quokkas
  4 frilled lizards
  6 goblins
  7 rats
154 creatures vanquished.

Notes
Turn   | Place    | Note
-------+----------+-------------------------------------------
     0 | D:1      | tilp the Demonspawn Gladiator began the quest for the Orb.
     0 | D:1      | Reached XP level 1. HP: 16/16 MP: 1/1
    12 | D:1      | Noticed an electric eel
   586 | D:1      | Gained mutation: You have a small tail. [demonic ancestry]
   586 | D:1      | Reached XP level 2. HP: 22/22 MP: 2/2
   606 | D:1      | Reached skill level 3 in Maces & Flails
   931 | D:1      | Found a faded altar of an unknown god.
   943 | D:1      | Gained mutation: You are partially covered in sharp spines.
                  | [demonic ancestry]
   943 | D:1      | Reached XP level 3. HP: 21/27 MP: 3/3
  1612 | D:2      | Reached skill level 1 in Stealth
  1918 | D:2      | Gained mutation: Your movements are slightly less
                  | encumbered by armour. (ER -2) [demonic ancestry]
  1918 | D:2      | Reached XP level 4. HP: 28/34 MP: 4/4
  3233 | D:3      | Noticed Ijyb
  3298 | D:3      | Reached XP level 5. HP: 18/40 MP: 5/5
  3703 | D:3      | Noticed an ice beast
  3719 | D:3      | Killed an ice beast
  3720 | D:3      | Reached skill level 4 in Maces & Flails
  4731 | D:4      | Gained mutation: You regenerate magic rapidly. [demonic
                  | ancestry]
  4731 | D:4      | Reached XP level 6. HP: 34/47 MP: 6/6
  4904 | D:4      | Found a broken altar of Ashenzari.
  4946 | D:4      | Found a sacrificial altar of Ru.
  4957 | D:4      | Noticed Natasha
  4962 | D:4      | Killed Natasha
  4969 | D:4      | Became a worshipper of Ru the Awakened
  5214 | D:4      | Gained mutation: You have a tail ending in a sharp stinger.
                  | [demonic ancestry]
  5214 | D:4      | Reached XP level 7. HP: 49/52 MP: 7/7
  5448 | D:4      | Noticed Natasha
  5454 | D:4      | Killed Natasha
  5593 | D:4      | Found a hazy altar of Hepliaklqana.
  5737 | D:4      | Found a sacrificial altar of Ru.
  5802 | D:4      | Noticed Natasha
  5810 | D:4      | Killed Natasha
  5811 | D:4      | Reached skill level 5 in Maces & Flails
  5831 | D:5      | Entered Level 5 of the Dungeon
  6012 | D:5      | Found a staircase to the Ecumenical Temple.
  6397 | D:5      | Gained mutation: You cannot study or cast Fire magic. [Ru
                  | sacrifice]
  6397 | D:5      | Gained mutation: You cannot study or cast Transmutations
                  | magic. [Ru sacrifice]
  6397 | D:5      | Gained mutation: You cannot study or cast Necromancy magic.
                  | [Ru sacrifice]
  6397 | D:5      | Reached * piety under Ru
  6797 | D:5      | Found an ornate altar of the Wu Jian Council.
  6797 | D:5      | Found a bloodstained altar of Trog.
  7009 | D:6      | Found a runed translucent door.
  7026 | D:6      | Gained mutation: You have a sharp stinger which inflicts
                  | weakening toxins. [demonic ancestry]
  7026 | D:6      | Reached XP level 8. HP: 60/60 MP: 8/8
  7142 | D:6      | Reached skill level 6 in Maces & Flails
  7489 | D:6      | Noticed EtherCrawl's ghost (novice FoAK)
  7605 | D:6      | Found a runed translucent door.
  7800 | D:7      | Reached skill level 7 in Maces & Flails
  8047 | D:7      | Reached skill level 8 in Maces & Flails
  8056 | D:7      | Found a basalt altar of Yredelemnul.
  8354 | D:7      | Reached skill level 1 in Evocations
  8361 | D:7      | Reached XP level 9. HP: 43/65 MP: 9/9
  8753 | D:7      | Slain by an orc warrior

Illustrated notes

Levels and vault maps discovered:
D:1:      arrival_aquarium_a, layout_basic, hellmonk_ecumenical_altar_lost_god,
          minmay_misc_feat_iff
D:2:      layout_rooms, minmay_strange_pillars, minmay_quadrilaterals
D:3:      layout_basic, feat_on_display, uniq_ijyb
D:4:      layout_basic, nicolae_hepliaklqana_hippocampus,
          nicolae_ru_sacrificial_ziggurat, ashenzari_conservatory_becter,
          dreamdust_wishing_well, grunt_decor_junction, uniq_natasha
D:5:      layout_basic, gammafunk_temple_overflow_wave,
          minmay_temple_entry_statues_pillars, serial_park_tiny_1
D:6:      layout_basic, ebering_ghost_sewer_f, kennysheep_nondescript
D:7:      layout_loops_ring, lemuel_mausoleum_altar_yredelemnul,
          overflow_temple_1_default, hellmonk_ghost_happy_afterlife

Skill      XL: |  1  2  3  4  5  6  7  8 |
---------------+-------------------------+-----
Throwing       | 2 3 4 |  4.3
Maces & Flails | 3 4 5 8 |  8.3
Dodging        | 3 4 |  4.3
Stealth        | 1 2 3 4 |  4.0
Fighting       | 3 4 |  4.3
Evocations     | 1 |  1.6

Action                   |  1- 3 |  4- 6 |  7- 9 || total
-------------------------+-------+-------+-------++-------
Melee: Flail             |    92 |   127 |   193 ||   412
       Tailslap          |     7 |    17 |    31 ||    55
       Punch             |     1 |     1 |     2 ||     4
Throw: Dart              |       |     3 |     4 ||     7
Invok: Sacrifice Arcana  |       |       |     1 ||     1
  Use: Scroll            |     3 |     9 |     3 ||    15
 Stab: Sleeping          |     1 |     4 |       ||     5
Armor: Leather armour    |    28 |     6 |       ||    34
       Scale mail        |       |    20 |       ||    20
       Chain mail        |       |    16 |    80 ||    96
Dodge: Dodged            |    82 |    52 |    87 ||   221
